 Seeded DCSS version 0.30.1-11-g7821555f0a (webtiles) character file.

Game seed: 6351066067085065685 (custom seed)

191 Esekla the Magician (level 5, -7/28 HPs)
             Began as a Deep Elf Wanderer on Nov 11, 2023.
             Was a Follower of Vehumet.
             Mangled by a gnoll
             ... wielding a +0 halberd
             ... led by a gnoll bouda
              (11 damage)
             ... on level 4 of the Dungeon.
             The game lasted 00:19:06 (2859 turns).

Esekla the Magician (Deep Elf Wanderer)             Turns: 2859, Time: 00:19:06

Health: -7/28      AC:  4    Str: 11    XL:     5   Next: 42%
Magic:  6/15       EV: 11    Int: 20    God:    Vehumet [*.....]
Gold:   195        SH:  4    Dex: 14    Spells: 6/16 levels left

rFire   . . .        s - +5 rapier of the Hero {heavy, rN+ Dex+3}
rCold   . . .        d - +0 buckler
rNeg    + . .        c - +0 robe
rPois   .            m - +0 helmet
rElec   .            (no cloak)
rCorr   .            l - +0 pair of gloves
SInv    .            (no boots)
Will    .....        (no amulet)
Stlth   ++           (no ring)
HPRegen 0.24/turn    (no ring)
MPRegen 0.14/turn

%: no passive effects
@: no status effects
A: no striking features
a: Renounce Religion


You were on level 4 of the Dungeon.
You worshipped Vehumet.
Vehumet was aware of your devotion.
You visited 1 branch of the dungeon, and saw 4 of its levels.

You collected 195 gold pieces.

Inventory:

Hand Weapons
 a - a +1 short sword of freezing
 r - a +0 trident
 s - the +5 rapier of the Hero (weapon) {heavy, rN+ Dex+3}
   (You found it on level 3 of the Dungeon)

   Dex:       It affects your dexterity (+3).
   rN:        It protects you from negative energy.
Missiles
 v - 9 poisoned darts (quivered)
Armour
 c - a +0 robe (worn)
 d - a +0 buckler (worn)
 l - a +0 pair of gloves (worn)
 m - a +0 helmet (worn)
Wands
 i - a wand of roots (9)
Scrolls
 g - 3 scrolls of identify {unknown}
 o - a scroll of enchant armour {unknown}
 p - a scroll of amnesia {unknown}
 q - a scroll of immolation {unknown}
 u - a scroll of fog {unknown}
 w - a scroll of blinking {unknown}
 x - 2 scrolls of enchant weapon {unknown}
 y - a scroll of silence {unknown}
Potions
 b - a potion of lignification
 e - a potion of ambrosia {unknown}
 f - 2 potions of attraction {unknown}
 h - a potion of heal wounds {unknown}
 j - 2 potions of curing {unknown}
 k - a potion of haste {unknown}
 n - a potion of mutation {unknown}
 t - 2 potions of brilliance {unknown}


   Skills:
 + Level 1.8 Short Blades
 + Level 1.3 Throwing
 * Level 1.8 Dodging
 + Level 1.4 Stealth
 + Level 1.6 Shields
 * Level 6.4 Spellcasting
 + Level 0.4 Conjurations
 * Level 1.3 Necromancy
 + Level 2.5 Translocations
 + Level 1.0 Invocations


You had 6 spell levels left.
You knew the following spells:

 Your Spells              Type           Power      Damage    Failure   Level
a - Magic Dart            Conj           32%        1d4       12%         1
b - Blink                 Tloc           32%        N/A       8%          2
d - Vampiric Draining     Necr           11%        2d6       26%         3
n - Ignite Poison         Fire/Tmut/Pois 6%         N/A       41%         3
p - Apportation           Tloc           32%        N/A       4%          1

Your spell library contained the following spells:

 Spells                   Type           Power      Damage    Failure   Level
 Sandblast                Erth           12%        2d6       14%         1
 Lesser Beckoning         Tloc           32%        N/A       8%          2
 Gell's Gravitas          Tloc           16%        N/A       16%         3
 Teleport Other           Tloc           16%        N/A       16%         3


Dungeon Overview and Level Annotations

Branches:
Dungeon (4/15)
 Temple: D:4-7

Altars:
Hepliaklqana
Okawaru
Qazlal
Trog
Vehumet
Zin
The Shining One

Shops:
D:2 =   D:4 (


Message History

r - a +0 trident The gnoll shouts!
You hear a shout! x3 2 gnolls come into view.
The gnoll throws a throwing net.
The throwing net hits you.
You become entangled in the net!
You see here a throwing net.
You struggle against the net.
Casting: Vampiric Draining (quite dangerous; 26% risk of failure)
Confirm with . or Enter, or press ? or * to list all spells.
You blink.
You feel stable enough to blink again.
The gnoll bouda shouts!
Found a scroll labelled POILALU JEHO.
The gnoll bouda barks out a call to the hunt!
The gnolls pick up the pace!
The gnoll bouda barks out a call to the hunt!
The gnoll hits you but does no damage.
Found a bubbling blue potion.
The gnoll bouda gazes fiercely through you!
You feel your attacks grow feeble. The gnoll hits you with a +0 club.
You see here a scroll labelled POILALU JEHO.
y - a scroll labelled POILALU JEHO The gnoll hits you with a +0 club.
The gnoll hits you from afar with a +0 spear.
The gnoll bouda barely misses you.
The gnoll hits you from afar with a +0 spear.
The gnoll misses you.
The gnoll bouda attacks as you move away!
The gnoll bouda hits you but does no damage.
The gnoll attacks as you move away! The gnoll barely misses you.
The gnoll hits you from afar with a +0 spear!
The gnoll attacks as you move away! You block the gnoll's attack.
The gnoll attacks as you move away! The gnoll barely misses you.
The gnoll bouda attacks as you move away!
The gnoll bouda hits you with a +0 club.
* * * LOW HITPOINT WARNING * * *
Your attacks no longer feel as feeble.
The gnoll hits you from afar with a +0 halberd!
You die...

##.......#..........
.........+..........
.........#..........
.........#.........)
.......#........g.
.....#........<.
#...#..........
.####+####...#..........
.......@ggg............#
.####.##g..............#
# ##.....##.........
....................
..##....##.......... !
#....##..........
#.................
#..............##.
#.................


You could see a gnoll bouda and 3 gnolls.

Vanquished Creatures
  A hound (D:3)
  An iguana (D:2)
  5 gnolls
  3 adders
  2 dart slugs
  6 orcs
  4 endoplasms
  8 goblins
  4 hobgoblins
  A quokka (D:1)
  6 ball pythons
  4 bats
  4 frilled lizards
  5 kobolds
  A rat (D:2)
55 creatures vanquished.

Notes
Turn   | Place    | Note
-------+----------+-------------------------------------------
     0 | D:1      | Esekla the Deep Elf Wanderer began the quest for the Orb.
     0 | D:1      | Esekla set off with the following items: a +0 club, a
                  | potion of lignification, a +0 robe, a +0 buckler; and the
                  | following spells available to memorise: Apportation, Blink,
                  | Lesser Beckoning, Magic Dart, Ignite Poison, Vampiric
                  | Draining.
     0 | D:1      | Reached XP level 1. HP: 10/10 MP: 7/7
     2 | D:1      | Learned a level 1 spell: Magic Dart
     4 | D:1      | Learned a level 1 spell: Apportation
   260 | D:2      | Found Renulab's Jewellery Shop.
   546 | D:4      | Found a radiant altar of Vehumet.
   554 | D:4      | Found an iron altar of Okawaru.
   565 | D:4      | Found a glowing silver altar of Zin.
   708 | D:4      | Became a worshipper of Vehumet
   851 | D:3      | Reached XP level 2. HP: 12/15 MP: 5/9
   854 | D:3      | Learned a level 2 spell: Blink
   908 | D:3      | Reached skill level 5 in Spellcasting
  1125 | D:3      | Identified the +5 rapier of the Hero {heavy, rN+ Dex+3}
  1273 | D:1      | Reached XP level 3. HP: 19/19 MP: 9/11
  1277 | D:1      | Learned a level 3 spell: Ignite Poison
  1281 | D:1      | Learned a level 3 spell: Vampiric Draining
  1388 | D:1      | Reached * piety under Vehumet
  1388 | D:1      | Offered knowledge of Sandblast by Vehumet.
  1530 | D:1      | Reached skill level 1 in Dodging
  1719 | D:2      | Reached skill level 1 in Necromancy
  1745 | D:2      | Noticed a black bear
  1807 | D:2      | Reached skill level 1 in Short Blades
  1871 | D:2      | Reached XP level 4. HP: 21/24 MP: 13/13
  1939 | D:2      | Found a faded altar of an unknown god.
  2030 | D:2      | Reached skill level 6 in Spellcasting
  2434 | D:3      | Found a stormy altar of Qazlal.
  2452 | D:3      | Reached skill level 1 in Throwing
  2452 | D:3      | Reached XP level 5. HP: 20/28 MP: 8/15
  2525 | D:3      | Found a hazy altar of Hepliaklqana.
  2528 | D:3      | Found a bloodstained altar of Trog.
  2644 | D:4      | Found Ponaysk's Antique Weapon Boutique.
  2752 | D:4      | Found a glowing golden altar of the Shining One.
  2859 | D:4      | Mangled by a gnoll

Illustrated notes

Levels and vault maps discovered:
D:1:      sevenhm_arrival_forest_fort_small_3, layout_rooms,
          chequers_serial_rivers_room_b, minmay_misc_feat_five
D:2:      layout_loops_ring, dreamdust_ecumenical_altar_angels_and_demons,
          serial_shops, shop
D:3:      layout_basic, grunt_temple_overflow_open, minmay_misc_feat_iff
D:4:      layout_basic, nicolae_overflow_quartered_altars, serial_shops,
          nicolae_diamond_shop

Skill      XL: |  1  2  3  4 |
---------------+-------------+-----
Spellcasting   | 5 6 |  6.4
Dodging        | 1 |  1.8
Necromancy     | 1 |  1.3
Short Blades   | 1 |  1.8
Throwing       | 1 |  1.3
Stealth        | |  1.4
Shields        | |  1.6
Conjurations   | |  0.4
Translocations | |  2.5
Invocations    | |  1.0

Action                     |  1- 3 |  4- 6 || total
---------------------------+-------+-------++-------
  Melee: Short sword       |    19 |       ||    19
         Rapier            |    35 |    26 ||    61
  Throw: Dart              |       |     2 ||     2
   Cast: Apportation       |    30 |       ||    30
         Magic Dart        |    51 |    15 ||    66
         Vampiric Draining |       |     5 ||     5
         Blink             |       |     2 ||     2
    Use: Scroll            |     1 |       ||     1
   Stab: Sleeping          |     2 |       ||     2
 Armour: Robe              |    27 |     7 ||    34
  Dodge: Dodged            |    45 |    22 ||    67
  Block: Buckler           |    13 |     7 ||    20
